 Dungeon Sprint DCSS version 0.17.1-1-g73c8601 (webtiles) character file.

288325 seyes the Brawler (level 13, 77/141 HPs)
             Began as a Troll Monk on Mar 1, 2016.
             Was a High Priest of Okawaru.
             Escaped with the Orb!
             The game lasted 02:04:23 (5484 turns).

seyes the Brawler (Troll Monk)                      Turns: 5484, Time: 02:04:23

Health: 77/141     AC:  6    Str: 24    XL:     13   Next: 41%
Magic:  11/17      EV: 28    Int: 10    God:    Okawaru [*****.]
Gold:   1218       SH:  0    Dex: 23    Spells: 0 memorised, 12 levels left

rFire  + . .     SeeInvis .       - Unarmed
rCold  + . .     Clarity  .     d - +0 robe of the Doldrums {rN+ Str+2 Int+2 Dex+2}
rNeg   + . .     SustAt   .     (no shield)
rPois  +         Gourm    +     (helmet restricted)
rElec  +         Spirit   .     g - +0 cloak
rCorr  +         Warding  .     (gloves unavailable)
rMut   .         NoTele   +     (boots unavailable)
MR     ++...                    B - amulet of regeneration
Stlth  +.........               J - ring of the King {rPois MR+ Int+2}
                                s - ring of protection from magic

@: agile, resistant, heroism, finesse, contaminated, hasted (expiring), glowing,
very quick, very resistant to hostile enchantments, very unstealthy
A: unfitting armour, claws 3, blurry vision 1, breathe flames 1, fast metabolism
3, frail 1, gourmand, poison resistance, regeneration 2, shaggy fur 1, tough
skin 2
a: Heroism, Finesse, Renounce Religion, Breathe Fire
0: Orb of Zot


You escaped.
You worshipped Okawaru.
Okawaru was extremely pleased with you.
You were not hungry.

You visited 1 branch You collected 4538 gold pieces.
You spent 3320 gold pieces at shops.

Inventory:

Hand Weapons
 f - a +1 blowgun
 K - the +0 blowgun "Curchiom" {speed, rElec rF- Dex+6}
   (You found it in the Dungeon)

   Attacks with this weapon are significantly faster.
   It affects your dexterity (+6).
   It makes you vulnerable to fire.
   It insulates you from electricity.
 L - the +3 Elemental Staff {rElec rF++ rC++ MR++ AC+5}
   (You found it in the Dungeon)

   It affects your AC (+5).
   It greatly protects you from fire.
   It greatly protects you from cold.
   It insulates you from electricity.
   It affects your resistance to hostile enchantments.
Missiles
 o - a throwing net
 q - 39 stones (quivered)
 v - 5 curare-tipped needles
 x - 7 poisoned needles
Armour
 b - the +1 shield "Ycul" {MR+}
   (Okawaru gifted it to you in the Dungeon)

   It affects your resistance to hostile enchantments.
 d - the +0 robe of the Doldrums (worn) {rN+ Str+2 Int+2 Dex+2}
   (You bought it in a shop in the Dungeon)

   It affects your strength (+2).
   It affects your intelligence (+2).
   It affects your dexterity (+2).
   It protects you from negative energy.
 g - a +0 cloak (worn)
 m - the +0 robe of Okawaru's Envy {rF+}
   (Okawaru gifted it to you in the Dungeon)

   It protects you from fire.
 r - the +1 robe of Filth {rElec Int+2}
   (Okawaru gifted it to you in the Dungeon)

   It affects your intelligence (+2).
   It insulates you from electricity.
 H - the cursed +1 robe of the Jabberwock {rF- Dex+9}
   (You bought it in a shop in the Dungeon)

   It affects your dexterity (+9).
   It makes you vulnerable to fire.
   It has a curse placed upon it.
Jewellery
 c - an uncursed ring of magical power
 h - a +3 ring of dexterity
 k - an uncursed ring of stealth
 n - an uncursed ring of fire
 s - a ring of protection from magic (left claw)
 A - an uncursed ring of positive energy
 B - an amulet of regeneration (around neck)
 J - the ring of the King (right claw) {rPois MR+ Int+2}
   (You found it in the Dungeon)

   [ring of poison resistance]

   It affects your intelligence (+2).
   It protects you from poison.
   It affects your resistance to hostile enchantments.
Wands
 i - a wand of digging (7)
 j - a wand of fire (6)
 p - a wand of random effects (20)
 y - a wand of lightning (5)
 E - a wand of hasting (4)
Scrolls
 z - a scroll of blinking
Potions
 e - a potion of cancellation
 l - 2 potions of magic
 t - 2 potions of curing
 C - a potion of brilliance


   Skills:
 + Level 17.6(22.6) Fighting
 - Level 14.4(19.4) Throwing
 - Level 8.5(13.5) Dodging
 - Level 1.1(6.1) Stealth
 - Level 20.4(25.4) Unarmed Combat
 - Level 7.8 Invocations


You had 12 spell levels left.
You didn't know any spells.

Dungeon Overview and Level Annotations

Branches:
Dungeon (1/1)

Altars:
Cheibriados
Dithmenos
Elyvilon
Fedhas
Gozag
Kikubaaqudgha
Makhleb
Nemelex Xobeh
Okawaru
Qazlal
Ru
Sif Muna
Trog
Vehumet
Xom
Yredelemnul
Zin
The Shining One
Jiyva

Shops:
D *![*!}!*[(*?[*?=((}[}:

Annotations:
D Lernaean hydra, Lom Lobon, Tiamat


Innate Abilities, Weirdness & Mutations

You are too large for most types of armour.
You have claws for hands.
Your metabolism is lightning-fast.
You like to eat raw meat.
You heal very quickly.
You are covered in fur (AC +1).
You have very tough skin (AC +2).
Scrolls take you a little longer to read.
You can breathe flames.
You are frail (-10% HP).
Your system is resistant to poisons.


Message History

You feel somewhat more hungry.
A red devil comes into view. It is wielding a trident.
The red devil completely misses you.
There is an open door, spattered with blood here.
The reaper hits you with a scythe of venom!!!
The red devil hops backward while attacking.
The red devil misses you.
You hear a shout!
The reaper barely misses you.
There is an open door here.
Found a giant club.
There is an open door here.
There is an open door, spattered with blood here.
You see here a giant club.
The reaper shouts, "I have come for you, seyes!"
Found a staircase leading out of the dungeon.
Your extra speed is starting to run out.
There is an open door here.
There is a staircase leading out of the dungeon here.
You have escaped!

##################
#@.#..)2.#.['..#__
#..'..#..2.4#..'..
#..#####'#####4#__
#..#**#..#..,#(###
#..#__####..##4#≈≈
#..#_..__##'#.§§(§
#⌠⌠#_.∩...'..._#≈§
####_..._##_.#'##§
*,,*_____*##'#)#[(


There were no monsters in sight!

Vanquished Creatures
  Norris (D)
  A golden dragon (D)
  A shadow dragon (D)
  4 fire giants (D)
  A daeva (D)
  A lorocyproca (D)
  A deep elf annihilator (D)
  A mummy priest (D)
  2 centaur warriors (D)
  A hydra (D)
  Sonja (D)
  A deep troll (D)
  7 unseen horrors (D)
  A lindwurm (D)
  2 oklob plants (D)
  8 shining eyes (D)
  2 sirens (D)
  A gargoyle (D)
  A hellwing (D)
  4 demonic crawlers (D)
  2 kobold demonologists (D)
  A slime creature (D)
  4 trapdoor spiders (D)
  Sigmund (D)
  13 hogs (D)
  A yak (D)
  5 wasps (D)
  7 necrophages (D)
  An ogre (D)
  Ijyb (D)
  8 jellies (D)
  7 giant eyeballs (D)
  2 ballistomycetes (D)
  A giant spore (D)
96 creatures vanquished.

Vanquished Creatures (others)
  A gargoyle (D)
  A giant spore (D)
2 creatures vanquished.

Grand Total: 98 creatures vanquished

Notes
Turn   | Place    | Note
--------------------------------------------------------------
     0 | D        | seyes the Troll Monk began the quest for the Orb.
     0 | D        | Reached XP level 1. HP: 22/22 MP: 0/0
     3 | D        | Noticed Ijyb
    10 | D        | Killed Ijyb
    10 | D        | Reached skill level 5 in Unarmed Combat
    10 | D        | Reached XP level 2. HP: 22/32 MP: 1/1
    30 | D        | Noticed an ogre
    37 | D        | Killed an ogre
    37 | D        | Reached skill level 5 in Fighting
    37 | D        | Reached skill level 7 in Unarmed Combat
    37 | D        | Reached XP level 3. HP: 20/44 MP: 2/2
    37 | D        | Reached XP level 4. HP: 23/52 MP: 3/3
   100 | D        | Noticed Sigmund
   114 | D        | Killed Sigmund
   114 | D        | Reached skill level 9 in Unarmed Combat
   114 | D        | Reached XP level 5. HP: 53/63 MP: 4/4
   150 | D        | Found a snail-covered altar of Cheibriados.
   150 | D        | Found a viscous altar of Jiyva.
   150 | D        | Found a shadowy altar of Dithmenos.
   150 | D        | Found a blossoming altar of Fedhas.
   150 | D        | Noticed a slime creature
   158 | D        | Killed a slime creature
   158 | D        | Reached skill level 10 in Unarmed Combat
   158 | D        | Reached XP level 6. HP: 55/75 MP: 5/5
   170 | D        | Found a deep blue altar of Sif Muna.
   170 | D        | Noticed a jelly
   172 | D        | Found a radiant altar of Vehumet.
   174 | D        | Killed a jelly
   174 | D        | Reached skill level 11 in Unarmed Combat
   205 | D        | Found Esemit's Assorted Antiques.
   205 | D        | Found a white marble altar of Elyvilon.
   205 | D        | Found a stormy altar of Qazlal.
   205 | D        | Found a burning altar of Makhleb.
   205 | D        | Found a sacrificial altar of Ru.
   205 | D        | Found a basalt altar of Yredelemnul.
   205 | D        | Found a glowing golden altar of the Shining One.
   205 | D        | Found a sparkling altar of Nemelex Xobeh.
   205 | D        | Found a shimmering altar of Xom.
   205 | D        | Found an opulent altar of Gozag.
   205 | D        | Found an ancient bone altar of Kikubaaqudgha.
   205 | D        | Found a glowing silver altar of Zin.
   205 | D        | Noticed a yak
   208 | D        | Killed a yak
   208 | D        | Reached XP level 7. HP: 81/83 MP: 6/6
   209 | D        | Found an iron altar of Okawaru.
   210 | D        | Found a bloodstained altar of Trog.
   239 | D        | Became a worshipper of Warmaster Okawaru
   239 | D        | Reached * piety under Okawaru
   239 | D        | Reached ** piety under Okawaru
   278 | D        | Bought a scroll labeled RUOCOROUCVU for 31 gold pieces
   278 | D        | Bought a knobbly emerald ring for 155 gold pieces
   278 | D        | Bought a scroll labeled XACOOP SIWI for 31 gold pieces
   278 | D        | Bought a scroll labeled ASINECE QIHAQ for 31 gold pieces
   278 | D        | Bought a copper ring for 155 gold pieces
   309 | D        | Noticed a kobold demonologist
   319 | D        | Noticed a kobold demonologist
   321 | D        | Noticed a rust devil
   324 | D        | Killed a kobold demonologist
   324 | D        | Reached skill level 10 in Fighting
   324 | D        | Reached skill level 12 in Unarmed Combat
   343 | D        | Killed a kobold demonologist
   343 | D        | Reached XP level 8. HP: 45/96 MP: 7/7
   346 | D        | Noticed a demonic crawler
   346 | D        | Noticed a demonic crawler
   346 | D        | Noticed a demonic crawler
   346 | D        | Noticed a demonic crawler
   424 | D        | Killed a demonic crawler
   424 | D        | Reached skill level 13 in Unarmed Combat
   428 | D        | Killed a demonic crawler
   428 | D        | Reached *** piety under Okawaru
   433 | D        | Killed a demonic crawler
   433 | D        | Reached skill level 14 in Unarmed Combat
   438 | D        | Killed a demonic crawler
   438 | D        | Reached **** piety under Okawaru
   438 | D        | Reached XP level 9. HP: 74/106 MP: 8/8
   538 | D        | Noticed a lindwurm
   541 | D        | Killed a lindwurm
   541 | D        | Reached skill level 15 in Unarmed Combat
   564 | D        | Noticed a hog
   564 | D        | Noticed a hog
   564 | D        | Noticed a hog
   564 | D        | Noticed a hog
   564 | D        | Noticed a hog
   564 | D        | Noticed a hog
   565 | D        | Noticed a hog
   565 | D        | Noticed a hog
   567 | D        | Killed a hog
   568 | D        | Noticed a hog
   570 | D        | Killed a hog
   573 | D        | Killed a hog
   574 | D        | Noticed a hog
   574 | D        | Killed a hog
   574 | D        | Reached ***** piety under Okawaru
   578 | D        | Killed a hog
   582 | D        | Killed a hog
   585 | D        | Killed a hog
   586 | D        | Killed a hog
   586 | D        | Reached skill level 16 in Unarmed Combat
   589 | D        | Noticed a hog
   589 | D        | Killed a hog
   589 | D        | Reached XP level 10. HP: 75/120 MP: 2/9
   590 | D        | Killed a hog
   591 | D        | Noticed a hog
   593 | D        | Killed a hog
   597 | D        | Killed a hog
   602 | D        | Noticed a hog
   605 | D        | Killed a hog
   608 | D        | Killed a gargoyle
   666 | D        | Noticed a 12-headed hydra
   684 | D        | Noticed a gargoyle
   691 | D        | Killed a gargoyle
   722 | D        | Noticed Norris
   737 | D        | Killed a lorocyproca
   737 | D        | Reached skill level 17 in Unarmed Combat
   832 | D        | Noticed a centaur warrior
   833 | D        | Noticed a centaur warrior
   840 | D        | Killed a centaur warrior
   844 | D        | Killed a centaur warrior
   844 | D        | Received a gift from Okawaru
   844 | D        | Reached skill level 15 in Fighting
   845 | D        | Got a warped robe {god gift}
   870 | D        | Identified the +0 robe of Okawaru's Envy {rF+} (Okawaru gifted it to you in the Dungeon)
   946 | D        | Noticed a wasp
   950 | D        | Killed a wasp
   961 | D        | Noticed an oklob plant
   965 | D        | Killed an oklob plant
   965 | D        | Reached skill level 18 in Unarmed Combat
   970 | D        | Noticed a trapdoor spider
   970 | D        | Noticed a trapdoor spider
   971 | D        | Killed a trapdoor spider
  1027 | D        | Noticed a trapdoor spider
  1028 | D        | Killed a trapdoor spider
  1028 | D        | Reached XP level 11. HP: 120/133 MP: 10/10
  1034 | D        | Killed a trapdoor spider
  1171 | D        | Noticed a trapdoor spider
  1172 | D        | Killed a trapdoor spider
  1223 | D        | Noticed a jelly
  1223 | D        | Noticed a jelly
  1248 | D        | Noticed a jelly
  1255 | D        | Noticed a jelly
  1255 | D        | Noticed a jelly
  1255 | D        | Noticed a jelly
  1255 | D        | Noticed a jelly
  1259 | D        | Killed a jelly
  1262 | D        | Killed a jelly
  1264 | D        | Noticed a necrophage
  1266 | D        | Killed a jelly
  1269 | D        | Killed a jelly
  1270 | D        | Killed a jelly
  1277 | D        | Killed a jelly
  1278 | D        | Killed a jelly
  1323 | D        | Noticed a necrophage
  1336 | D        | Killed an unseen horror
  1342 | D        | Killed a necrophage
  1515 | D        | Noticed a necrophage
  1518 | D        | Killed an unseen horror
  1525 | D        | Killed a necrophage
  1538 | D        | Killed a necrophage
  1541 | D        | Noticed a necrophage
  1541 | D        | Noticed a necrophage
  1553 | D        | Killed a necrophage
  1565 | D        | Killed a necrophage
  1569 | D        | Noticed a necrophage
  1569 | D        | Noticed a necrophage
  1578 | D        | Killed a necrophage
  1590 | D        | Killed a necrophage
  1624 | D        | Found Cisu's General Store.
  1624 | D        | Found Cuaseon's Distillery.
  1624 | D        | Found Doxzivan's Antique Armour Boutique.
  1626 | D        | Found Hiniv's Antique Weapon Emporium.
  1626 | D        | Found Loamol's Assorted Antiques.
  1626 | D        | Found Tekyci's Magic Scroll Shoppe.
  1626 | D        | Found Inu Belu's Armour Boutique.
  1626 | D        | Found Ifatan's General Store.
  1626 | D        | Found Arecs's Magic Scroll Shop.
  1626 | D        | Found Doto's Jewellery Shoppe.
  1627 | D        | Found Net Buck's Weapon Boutique.
  1628 | D        | Found Furideel's Gadget Emporium.
  1628 | D        | Found Faockimo's Antique Weapon Boutique.
  1629 | D        | Found Lustrudun's Gadget Emporium.
  1752 | D        | Noticed a daeva
  1811 | D        | Bought a scroll of identify for 20 gold pieces
  1895 | D        | Noticed an unseen horror
  1896 | D        | Killed a daeva
  1896 | D        | Reached skill level 19 in Unarmed Combat
  1903 | D        | Killed an unseen horror
  1908 | D        | Killed an unseen horror
  1908 | D        | Received a gift from Okawaru
  1909 | D        | Got a dull robe {god gift}
  2134 | D        | Killed an unseen horror
  2134 | D        | Reached skill level 5 in Dodging
  2154 | D        | Killed an unseen horror
  2156 | D        | Killed an unseen horror
  2527 | D        | Bought the cursed +0 robe of the Doldrums {rN+ Str+2 Int+2 Dex+2} for 279 gold pieces
  2534 | D        | Bought a +3 ring of dexterity for 157 gold pieces
  2534 | D        | Bought an uncursed ring of protection from magic for 250 gold pieces
  2612 | D        | Killed a 13-headed hydra
  2745 | D        | Bought a potion of curing for 36 gold pieces
  2751 | D        | Bought a potion of curing for 36 gold pieces
  2752 | D        | Bought a scroll of identify for 26 gold pieces
  2758 | D        | Bought a bread ration for 60 gold pieces
  2758 | D        | Bought a slice of pizza for 18 gold pieces
  2758 | D        | Bought a beef jerky for 18 gold pieces
  2882 | D        | Noticed a siren
  2882 | D        | Noticed a deep elf annihilator
  2888 | D        | Noticed a hellwing
  2893 | D        | Killed a hellwing
  2905 | D        | Noticed a siren
  2907 | D        | Killed a siren
  2914 | D        | Killed a siren
  2961 | D        | Noticed a fire giant
  2977 | D        | Noticed a fire giant
  2977 | D        | Killed a fire giant
  2977 | D        | Reached skill level 5 in Invocations
  2977 | D        | Reached XP level 12. HP: 61/148 MP: 12/15
  3107 | D        | Noticed a fire giant
  3119 | D        | Killed a fire giant
  3119 | D        | Reached skill level 20 in Unarmed Combat
  3227 | D        | Bought a scroll of identify for 20 gold pieces
  3227 | D        | Bought a scroll of identify for 20 gold pieces
  3228 | D        | Bought a scroll of identify for 50 gold pieces
  3231 | D        | Bought a scroll of identify for 24 gold pieces
  3232 | D        | Bought a scroll of identify for 20 gold pieces
  3232 | D        | Bought a scroll of identify for 20 gold pieces
  3232 | D        | Bought a scroll of identify for 20 gold pieces
  3232 | D        | Bought a scroll of identify for 20 gold pieces
  3232 | D        | Bought a scroll of identify for 20 gold pieces
  3244 | D        | Bought a scroll of remove curse for 30 gold pieces
  3244 | D        | Bought a scroll of blinking for 75 gold pieces
  3255 | D        | Identified the +1 robe of Filth {rElec Int+2} (Okawaru gifted it to you in the Dungeon)
  3285 | D        | Bought a scroll labeled YFAACK ZASSU for 25 gold pieces
  3363 | D        | Killed a fire giant
  3400 | D        | Noticed a fire giant
  3420 | D        | Killed a fire giant
  3637 | D        | Noticed Tiamat
  3704 | D        | Killed a deep elf annihilator
  3707 | D        | Noticed a wasp
  3707 | D        | Noticed a wasp
  3791 | D        | Killed a wasp
  3815 | D        | Paralysed by a wasp for 2 turns
  3819 | D        | Killed a wasp
  3876 | D        | Noticed a mummy priest
  3876 | D        | Noticed a wasp
  3876 | D        | Noticed a wasp
  3887 | D        | Killed a wasp
  3904 | D        | Killed a wasp
  4016 | D        | Noticed a golden dragon
  4017 | D        | Noticed a shadow dragon
  4081 | D        | Noticed Sonja
  4084 | D        | Killed Sonja
  4141 | D        | Noticed a deep troll
  4151 | D        | Killed a deep troll
  4158 | D        | Found Oduigai's Assorted Antiques.
  4176 | D        | Found Zidaas's Armour Emporium.
  4205 | D        | Bought a scroll of identify for 34 gold pieces
  4205 | D        | Bought a scroll labeled WAHUAV RUMA for 17 gold pieces
  4251 | D        | Bought an uncursed ring of positive energy for 200 gold pieces
  4251 | D        | Bought an uncursed amulet of regeneration for 300 gold pieces
  4378 | D        | Found Jebroak's Book Shoppe.
  4391 | D        | Killed a shadow dragon
  4419 | D        | Killed a golden dragon
  4419 | D        | Received a gift from Okawaru
  4419 | D        | Reached XP level 13. HP: 127/157 MP: 17/17
  4420 | D        | Got an encrusted shield {god gift}
  4492 | D        | Found a shadowy altar of Dithmenos.
  4492 | D        | Found a snail-covered altar of Cheibriados.
  4495 | D        | Found a blossoming altar of Fedhas.
  4495 | D        | Found a viscous altar of Jiyva.
  4500 | D        | Found a deep blue altar of Sif Muna.
  4502 | D        | Found a radiant altar of Vehumet.
  4504 | D        | Found Esemit's Assorted Antiques.
  4504 | D        | Found a stormy altar of Qazlal.
  4505 | D        | Found a burning altar of Makhleb.
  4505 | D        | Found a sacrificial altar of Ru.
  4505 | D        | Found a shimmering altar of Xom.
  4505 | D        | Found an opulent altar of Gozag.
  4515 | D        | Found Zidaas's Armour Emporium.
  4539 | D        | Found Faockimo's Antique Weapon Boutique.
  4539 | D        | Found Furideel's Gadget Emporium.
  4540 | D        | Found Lustrudun's Gadget Emporium.
  4542 | D        | Found Net Buck's Weapon Boutique.
  4542 | D        | Found Doto's Jewellery Shoppe.
  4542 | D        | Found Arecs's Magic Scroll Shop.
  4542 | D        | Found Ifatan's General Store.
  4542 | D        | Found Inu Belu's Armour Boutique.
  4542 | D        | Found Tekyci's Magic Scroll Shoppe.
  4542 | D        | Found Loamol's Assorted Antiques.
  4543 | D        | Found Hiniv's Antique Weapon Emporium.
  4544 | D        | Found Doxzivan's Antique Armour Boutique.
  4544 | D        | Found Cisu's General Store.
  4545 | D        | Found Cuaseon's Distillery.
  4547 | D        | Bought a meat ration for 60 gold pieces
  4585 | D        | Found Oduigai's Assorted Antiques.
  4587 | D        | Noticed a shining eye
  4587 | D        | Noticed a shining eye
  4587 | D        | Noticed a shining eye
  4652 | D        | Paralysed by something for 5 turns
  4671 | D        | Killed Norris
  4736 | D        | Gained mutation: Your system is resistant to poisons. [potion of beneficial mutation]
  4819 | D        | Identified the +1 shield "Ycul" {MR+} (Okawaru gifted it to you in the Dungeon)
  4879 | D        | Noticed a shining eye
  4879 | D        | Noticed a shining eye
  4879 | D        | Noticed a shining eye
  4882 | D        | Killed a shining eye
  4883 | D        | Killed a shining eye
  4887 | D        | Gained mutation: Scrolls take you a little longer to read. [a shining eye]
  4892 | D        | Noticed a shining eye
  4892 | D        | Noticed a shining eye
  4895 | D        | Killed a shining eye
  4898 | D        | Killed a shining eye
  4901 | D        | Killed a shining eye
  4901 | D        | Gained mutation: You are frail (-10% HP). [a shining eye]
  4907 | D        | Killed a shining eye
  4911 | D        | Killed a shining eye
  4911 | D        | Paralysed by a giant eyeball for 3 turns
  4912 | D        | Gained mutation: You can breathe flames. [a shining eye]
  4918 | D        | Killed a shining eye
  4941 | D        | Found Xeuc's Distillery.
  4941 | D        | Found Joykic's Antique Armour Emporium.
  4941 | D        | Found Jeumoric's Gadget Boutique.
  4942 | D        | Found Laynioko's Distillery.
  4960 | D        | Bought a potion of flight for 42 gold pieces
  4960 | D        | Bought a potion of flight for 42 gold pieces
  4962 | D        | Bought a wand of hasting (4) for 672 gold pieces
  4971 | D        | Bought a potion of agility for 48 gold pieces
  4971 | D        | Bought a potion of resistance for 120 gold pieces
  4973 | D        | Bought a steaming robe for 108 gold pieces
  4976 | D        | Identified the cursed +1 robe of the Jabberwock {rF- Dex+9} (You bought it in a shop in the Dungeon)
  5051 | D        | Noticed an oklob plant
  5054 | D        | Killed a mummy priest
  5054 | D        | Noticed a reaper
  5056 | D        | Killed an oklob plant
  5075 | D        | Noticed Lom Lobon
  5085 | D        | Noticed the 27-headed Lernaean hydra
  5135 | D        | Got a fine bone ring
  5137 | D        | Got a scorched blowgun
  5147 | D        | Identified the ring of the King {rPois MR+ Int+2} (You found it in the Dungeon)
  5150 | D        | Identified the cursed +0 blowgun "Curchiom" {speed, rElec rF- Dex+6} (You found it in the Dungeon)
  5233 | D        | Bought a scroll of remove curse for 30 gold pieces
  5395 | D        | Got the Orb of Zot
  5464 | D        | Noticed a reaper
  5484 | D        | Escaped with the Orb!

Action                   |  1- 3 |  4- 6 |  7- 9 | 10-12 | 13-15 || total
-------------------------+-------+-------+-------+-------+-------++-------
Melee: Unarmed           |    11 |    24 |    65 |   176 |    49 ||   325
 Fire: Blowgun           |       |       |       |     1 |     6 ||     7
Throw: Stone             |       |       |       |     4 |       ||     4
Invok: Heroism           |       |       |     1 |    15 |     3 ||    19
       Finesse           |       |       |     1 |     7 |     3 ||    11
Evoke: Wand              |       |       |       |     8 |     7 ||    15
  Use: Potion            |       |     1 |     1 |     3 |     8 ||    13
       Scroll            |       |       |     3 |    11 |     8 ||    22
 Stab: Sleeping          |     1 |       |     1 |     4 |     2 ||     8
  Eat: Chunk             |     2 |     2 |       |    19 |       ||    23
       Bread ration      |       |       |       |     4 |       ||     4
       Beef jerky        |       |       |       |     1 |       ||     1
       Pizza             |       |       |       |     1 |       ||     1
       Meat ration       |       |       |       |       |     2 ||     2
